 Dungeon Crawl Stone Soup version 0.31.0-12-g77e489cdc1 (webtiles) character file.

Game seed: 17362926329707020747

17 Silvore the Trooper (level 2, 0/24 HPs)
             Began as a Demonspawn Fighter on Feb 11, 2024.
             Slain by a kobold
             ... wielding a +0 dagger
              (1 damage)
             ... on level 2 of the Dungeon.
             The game lasted 00:01:08 (891 turns).

Silvore the Trooper (Demonspawn Fighter)             Turns: 891, Time: 00:01:09

Health: 0/24       AC:  6    Str: 16    XL:     2   Next: 44%
Magic:  2/2        EV:  8    Int:  8    God:
Gold:   64         SH:  4    Dex: 12    Spells: 1/1 levels left

rFire   . . .        a - +0 long sword
rCold   . . .        c - +0 buckler
rNeg    . . .        b - +0 scale mail
rPois   .            (helmet restricted)
rElec   .            (no cloak)
rCorr   .            (no gloves)
SInv    .            (no boots)
Will    .....        h - amulet of regeneration Stlth
                     (no ring)
HPRegen 1.04/turn    (no ring)
MPRegen 0.08/turn

%: no passive effects
@: no status effects
A: antennae 1
a: no special abilities


You were on level 2 of the Dungeon.
You visited 1 branch of the dungeon, and saw 2 of its levels.

You collected 64 gold pieces.

Inventory:

Hand Weapons
 a - a +0 long sword (weapon)
Armour
 b - a +0 scale mail (worn)
 c - a +0 buckler (worn)
Jewellery
 h - an amulet of regeneration (around neck)
Potions
 d - a potion of might
 e - a potion of magic {unknown}
 f - a potion of heal wounds


   Skills:
 + Level 3.1 Fighting
 + Level 2.0 Long Blades
 + Level 2.9 Armour
 + Level 3.0 Shields


You had one spell level left.
You didn't know any spells.
Your spell library contained the following spells:

 Spells                   Type           Power      Damage    Failure   Level
 Summon Forest            Summ/Tloc      0%         N/A       100%        5
 Eringya's Noxious Bog    Alch           0%         4d6       100%        6
 Summon Hydra             Summ           0%         N/A       100%        7


Dungeon Overview and Level Annotations

Branches:
Dungeon (2/15)

Altars:

Shops:
D:1 :


Innate Abilities, Weirdness & Mutations

You have a pair of small antennae on your head.


Message History

The rat completely misses you. The adder bites you.
You closely miss the adder.
The adder is severely wounded.
You feel sick. The adder misses you. The kobold closely misses you.
The rat bites you. The kobold hits you but does no damage.
The dart slug launches a dart at you.
The slug dart hits you but does no damage.
Unknown command.
You miss the adder.
The adder is severely wounded.
You feel sick. The adder barely misses you.
The kobold hits you with a +0 short sword.
* * * LOW HITPOINT WARNING * * *
The kobold barely misses you. You block the rat's attack. The adder bites you.
* * * LOW HITPOINT WARNING * * *
You closely miss the adder.
The adder is severely wounded.
You feel sick.
You are no longer poisoned.
The adder bites you but does no damage. The kobold hits you but does no damage.
The rat barely misses you. The kobold hits you with a +0 dagger.
* * * LOW HITPOINT WARNING * * *
The dart slug launches a dart at you. You block the slug dart.
The adder bites you.
* * * LOW HITPOINT WARNING * * *
You closely miss the adder.
The adder is severely wounded.
The kobold closely misses you. The rat closely misses you.
The kobold hits you but does no damage. The adder closely misses you.
The dart slug bites you.
* * * LOW HITPOINT WARNING * * *
The kobold hits you but does no damage. The rat barely misses you.
The kobold hits you but does no damage.
You closely miss the adder.
The adder is severely wounded.
The adder bites you.
* * * LOW HITPOINT WARNING * * *
The dart slug launches a dart at you. You block the slug dart.
The kobold hits you with a +0 dagger.
You die...

########## #(.......#
###### #........#
....##.....# #......(<#
^....#.....# #........#
P^..........# #........#
#...........# #..w.....#
............###.@r.....#
............##.KSK.....#
.......................#
......#......#.##......#
.....#.......#.#,.......
#....<##.####.. ..>....
#.....###.# #..........
..###. #.# #.......... #
#. ..# #.........


You could see an adder, a dart slug, 2 kobolds and a rat.

Vanquished Creatures
  5 bats (D:1)
  An endoplasm (D:1)
  A goblin (D:1)
  A hobgoblin (D:1)
  A quokka (D:2)
  2 ball pythons (D:1)
  2 frilled lizards (D:1)
  3 kobolds (D:1)
  A rat (D:1)
17 creatures vanquished.

Notes
Turn   | Place    | Note
-------+----------+-------------------------------------------
     0 | D:1      | Silvore the Demonspawn Fighter began the quest for the Orb.
     0 | D:1      | Reached XP level 1. HP: 18/18 MP: 1/1
   176 | D:1      | Found Genohof's Vocational Training.
   262 | D:1      | Gained mutation: You have a pair of small antennae on your
                  | head. [demonic ancestry]
   262 | D:1      | Reached XP level 2. HP: 20/24 MP: 2/2
   890 | D:2      | HP: 1/24 [dart slug (2)]
   891 | D:2      | Slain by a kobold

Illustrated notes

Levels and vault maps discovered:
D:1:      lemuel_arrival_cross, layout_basic, grunt_decor_junction,
          nicolae_shop_vocational
D:2:      layout_rooms, serial_shops, nicolae_diamond_shop,
          shapermc_ecumenical_altar_rom_forum, uniq_crazy_yiuf_cottage,
          uniq_sigmund

Skill      XL: |  1  2 |
---------------+-------+-----
Shields        | 3 |  3.0
Long Blades    | 2 |  2.0
Fighting       | |  3.1
Armour         | |  2.9

Action                     || total
---------------------------++-------
  Melee: Long sword        ||    88
    Use: Scroll            ||     2
 Armour: Scale mail        ||   143
  Dodge: Dodged            ||    69
  Block: Buckler           ||    28
